 Dungeon Crawl Stone Soup version 0.30.0-5-g1a98f26d00 (webtiles) character file.

Game seed: 16209666777507489274

36 dialectric the Trooper (level 3, -4/29 HPs)
             Began as a Demonspawn Fighter on May 9, 2023.
             Was a Follower of Trog.
             Slain by Sigmund
             ... wielding a +5 scythe of venom
              (12 damage)
             ... on level 2 of the Dungeon.
             The game lasted 00:01:31 (702 turns).

dialectric the Trooper (Demonspawn Fighter)          Turns: 702, Time: 00:01:31

Health: -4/29      AC:  6    Str: 18    XL:     3   Next: 19%
Magic:  3/3        EV: 14    Int:  9    God:    Trog [*.....]
Gold:   60         SH:  0    Dex: 12    Spells: 2/2 levels left

rFire   . . .        a - +0 long sword
rCold   . . .        (no shield)
rNeg    . . .        b - +0 scale mail
rPois   .            (helmet restricted)
rElec   .            (no cloak)
rCorr   .            (no gloves)
SInv    .            (no boots)
Will    .....        (no amulet) Stlth
                     k - +5 ring of evasion
HPRegen 0.24/turn    (no ring)
MPRegen 0.08/turn

%: no passive effects
@: mighty, lethally poisoned (-4 -> -16)
A: antennae 1, foul stench 1
a: Renounce Religion, Berserk


You were on level 2 of the Dungeon.
You worshipped Trog.
Trog was aware of your devotion.
You visited 1 branch of the dungeon, and saw 2 of its levels.

You collected 60 gold pieces.

Inventory:

Hand Weapons
 a - a +0 long sword (weapon)
Armour
 b - a +0 scale mail (worn)
 c - a +0 buckler
Jewellery
 k - a +5 ring of evasion (left hand)
Scrolls
 e - 2 scrolls of identify {unknown}
 g - a scroll of teleportation {unknown}
 h - a scroll of noise {unknown}
 i - a scroll of immolation {unknown}
Potions
 f - 2 potions of invisibility {unknown}
 j - a potion of haste {unknown}
 l - a potion of heal wounds {unknown}
 m - a potion of curing {unknown}


   Skills:
 + Level 3.6 Fighting
 + Level 2.2 Long Blades
 + Level 3.1 Armour
 + Level 0.1 Dodging
 - Level 2.6 Shields


You had 2 spell levels left.
You didn't know any spells.
Your spell library contained the following spells:

 Spells                   Type           Power      Damage    Failure   Level
 Sublimation of Blood     Necr           0%         N/A       88%         2
 Petrify                  Tmut/Erth      0%         N/A       100%        4
 Irradiate                Conj/Tmut      0%         3d11      100%        5


Dungeon Overview and Level Annotations

Branches:
Dungeon (2/15)

Altars:
Trog

Annotations:
D:2 Natasha, Sigmund


Innate Abilities, Weirdness & Mutations

You have a pair of small antennae on your head.
You may rarely emit foul miasma when damaged in melee.


Message History

You sense a monster nearby.
You now have 60 gold pieces (gained 10).
Found a stone staircase leading down.
No target in view!
Sigmund is nearby!
Sigmund points at you and mumbles some strange words.
You resist with significant effort.
Sigmund is nearby!
Sigmund hits you with a +5 scythe of venom.
You are poisoned.
You closely miss Sigmund.
You feel sick.
You barely miss Sigmund.
You feel sick. Sigmund completely misses you.
You hit Sigmund.
Sigmund is lightly wounded.
You feel sick.
Sigmund points at you and mumbles some strange words.
You resist with significant effort. Sigmund barely misses you.
Unknown command.
You feel very mighty all of a sudden.
You feel sick.
You are no longer poisoned.
You barely miss Sigmund.
Sigmund is lightly wounded.
Sigmund barely misses you.
You slash Sigmund!
Sigmund is severely wounded.
Sigmund whispers, "You'll know eternity soon."
Sigmund hits you with a +5 scythe of venom.
You are poisoned.
You hit Sigmund.
Sigmund is severely wounded.
You feel very sick.
Sigmund hits you with a +5 scythe of venom.
You are lethally poisoned!
You closely miss Sigmund.
Sigmund is severely wounded.
* * * LOW HITPOINT WARNING * * *
You feel very sick.
Sigmund hits you with a +5 scythe of venom!
You die...

#.#....####
..###
..#....# .#..
#..#..###
...# ........
.># .#..#.#.
..#.....#.#.#
#.#...#.#
#.@h....# #@#
#.# #.# #.#
#.# {#.# #.#
#.# # #)#


You could see Sigmund and Natasha.

Vanquished Creatures
  A dart slug (D:1)
  2 ball pythons (D:1)
  2 bats (D:1)
  4 endoplasms
  4 giant cockroaches
  A goblin (D:1)
  6 hobgoblins (D:1)
  3 kobolds
  A quokka (D:1)
  3 rats (D:1)
27 creatures vanquished.

Notes
Turn   | Place    | Note
-------+----------+-------------------------------------------
     0 | D:1      | dialectric the Demonspawn Fighter began the quest for the
                  | Orb.
     0 | D:1      | Reached XP level 1. HP: 18/18 MP: 1/1
    22 | D:1      | Found a faded altar of an unknown god.
    81 | D:1      | Gained mutation: You may rarely emit foul miasma when
                  | damaged in melee. [demonic ancestry]
    81 | D:1      | Reached XP level 2. HP: 23/24 MP: 2/2
   384 | D:1      | Prayed at the altar of an unknown god.
   384 | D:1      | Became a worshipper of Trog the Wrathful
   384 | D:1      | Reached * piety under Trog
   462 | D:1      | Gained mutation: You have a pair of small antennae on your
                  | head. [demonic ancestry]
   462 | D:1      | Reached XP level 3. HP: 29/29 MP: 3/3
   590 | D:2      | Noticed Natasha
   590 | D:2      | Noticed Sigmund
   702 | D:2      | Slain by Sigmund

Illustrated notes

Levels and vault maps discovered:
D:1:      reono_arrival_mine, layout_basic, basic_ecumenical_altar,
          minmay_pentomino_q2
D:2:      layout_basic, basic_altar, serial_shops, shop, minivault_27,
          uniq_natasha, uniq_sigmund

Skill      XL: |  1  2 |
---------------+-------+-----
Armour         | 3 |  3.1
Long Blades    | 2 |  2.2
Fighting       | |  3.6
Dodging        | |  0.1
Shields        | |  2.6

Action                     || total
---------------------------++-------
  Melee: Long sword        ||    88
         Punch             ||     4
    Use: Potion            ||     1
 Armour: Scale mail        ||    56
  Dodge: Dodged            ||    63
